 Dungeon Crawl Stone Soup version 0.26.1-11-gd32895ea62 (webtiles) character file.

Game seed: 14976344620123257271

12364 phalm the Destroyer (level 11, -1/89 HPs)
             Began as a Demonspawn Conjurer on June 24, 2021.
             Was an Initiate of Gozag.
             Hit by a silver javelin thrown by a minotaur (19 damage)
             ... in a Gauntlet.
             The game lasted 00:32:00 (14614 turns).

phalm the Destroyer (Demonspawn Conjurer)          Turns: 14614, Time: 00:32:00

Health: -1/89      AC:  9    Str:  4 (7)  XL:     11   Next: 61%
Magic:  0/21       EV: 12    Int: 23 (26) God:    Gozag
Gold:   516        SH:  0    Dex: 11 (12) Spells: 10/24 levels left

rFire    + . .     SeeInvis .   O - staff of poison
rCold    + + .     Faith    .   (no shield)
rNeg     + . .     Spirit   +   L - +2 robe {rN+}
rPois    +         Reflect  .   (no helmet)
rElec    +         Harm     .   (no cloak)
rCorr    +         Rampage  .   T - +0 pair of gloves of Bikhloli {+Blink rElec Int+3} (curse)
Will     +....     NoTele   +   G - +0 pair of boots
Stlth    ++........             D - amulet of magic regeneration
HPRegen  0.24/turn              u - ring of willpower
MPRegen  0.42/turn              c - ring of protection from cold

@: brilliant, resistant, very slightly contaminated, hasted, invisible, very
quick
A: talons 2, rugged brown scales 3, magic shield
a: Renounce Religion, Evoke Blink, Potion Petition, Call Merchant, Bribe Branch


You were in a Gauntlet.
You worshipped Gozag.
Gozag was pleased with you.
You visited 2 branches of the dungeon, and saw 15 of its levels.
You also visited: Gauntlet.

You collected 1829 gold pieces.
You paid 1313 gold pieces to Gozag.


Innate Abilities, Weirdness & Mutations

You have razor-sharp toenails.
You are completely covered in rugged brown scales. (AC +3, +7% HP)
When hurt, damage is shared between your health and your magic reserves.


   Skills:
 + Level 7.2 Fighting
 - Level 1.7 Dodging
 - Level 1.7 Stealth
 * Level 2.1 Shields
 + Level 7.0 Spellcasting
 + Level 9.1 Conjurations
 + Level 7.2 Hexes
 + Level 7.2 Translocations
 + Level 4.7 Air Magic
 + Level 5.2 Poison Magic


You had 10 spell levels left.
You knew the following spells:

 Your Spells              Type           Power        Failure   Level
c - Mephitic Cloud        Conj/Pois/Air  71%          1%          3
f - Fulminant Prism       Conj/Hex       31%          2%          4
m - Magic Dart            Conj           100%         1%          1
s - Searing Ray           Conj           100%         1%          2
X - Iskenderun's Mystic   Conj/Tloc      62%          2%          4

Your spell library contained the following spells:

 Spells                   Type           Power        Failure   Level
 Poisonous Vapours        Pois/Air       100%         1%          2
 Dazzling Flash           Conj/Hex       100%         1%          3
 Conjure Flame            Conj/Fire      43%          3%          3
 Beastly Appendage        Tmut           24%          8%          1
 Spider Form              Tmut/Pois      22%          8%          3
 Wereblood                Tmut           12%          12%         2
 Ice Form                 Ice/Tmut       12%          58%         4
 Freezing Cloud           Conj/Ice/Air   22%          87%         6
 Blade Hands              Tmut           6%           91%         5

Inventory:

Missiles
 i - 4 javelins
 t - 11 poisoned darts (quivered)
 w - 4 atropa-tipped darts
 y - a curare-tipped dart {=f}
 B - 121 bolts
 H - 63 sling bullets
 R - 17 boomerangs
Armour
 p - a +0 buckler
   (You found it on level 2 of the Dungeon)
 G - a +0 pair of boots (worn)
   (You found it on level 5 of the Dungeon)
 L - a +2 robe of positive energy (worn)
   (You took it off an orc wizard on level 6 of the Dungeon)
 T - the cursed +0 pair of gloves of Bikhloli (worn) {+Blink rElec Int+3}
   (You found it in a Gauntlet)

   It affects your intelligence (+3).
   It insulates you from electricity.
   It lets you blink.
   It has a curse placed upon it.
 V - the +1 robe "Laryfah" {+Fly Will+}
   (You found it on level 10 of the Dungeon)

   It affects your willpower, your defense against some magical effects.
   It lets you fly.
Magical Staves
 d - an uncursed staff of fire
   (You found it on level 14 of the Dungeon)
 O - an uncursed staff of poison (weapon)
   (You found it on level 7 of the Dungeon)
Jewellery
 c - a ring of protection from cold (right hand)
   (You found it on level 13 of the Dungeon)
 h - the ring of the Middle {rElec rN+}
   (You found it in a Gauntlet)

   [ring of positive energy]

   It insulates you from electricity.
   It protects you from negative energy.
 u - a ring of willpower (left hand)
   (You took it off a kobold on level 3 of the Dungeon)
 C - an uncursed ring of ice
   (You found it on level 1 of the Dungeon)
 D - an amulet of magic regeneration (around neck)
   (You found it on level 4 of the Dungeon)
 S - a +6 ring of strength
   (You found it on level 10 of the Dungeon)
Wands
 e - a wand of iceblast (8)
   (You found it on level 9 of the Dungeon)
 f - a wand of flame (30)
   (You took it off Grinder on level 4 of the Dungeon)
 l - a wand of polymorph (10)
   (You found it on level 2 of the Dungeon)
 z - a wand of disintegration (10)
   (You found it on level 4 of the Dungeon)
 W - a wand of paralysis (13)
   (You found it on level 10 of the Dungeon)
 X - a wand of digging (7)
   (You took it off a centaur on level 10 of the Dungeon)
Scrolls
 a - 2 scrolls of enchant armour
 b - 10 scrolls of remove curse {@r2}
 g - 2 scrolls of fear {unknown}
 m - 3 scrolls of fog
 o - 5 scrolls of amnesia
 q - 2 scrolls of magic mapping {!r}
 s - 2 scrolls of immolation {unknown}
 x - a scroll of enchant weapon
 A - a scroll of brand weapon {unknown}
 F - a scroll of noise {!r}
 I - 3 scrolls of blinking {unknown}
 J - a scroll of holy word {!r}
 K - a scroll of random uselessness {unknown}
 Q - 6 scrolls of teleportation {@r4}
Potions
 j - 2 potions of lignification {!q}
 k - a potion of attraction {unknown}
 n - 4 potions of curing {@q1}
 r - 2 potions of haste {@q3}
 v - 2 potions of berserk rage {unknown}
 E - a potion of resistance {unknown}
 M - 2 potions of flight {unknown}
 N - a potion of cancellation {unknown}
 P - 4 potions of heal wounds {unknown}
 U - a potion of invisibility {unknown}
 Y - 2 potions of brilliance {unknown}

Dungeon Overview and Level Annotations

Branches:
Dungeon (14/15)            Temple (1/1) D:6            Lair (0/6) D:8
    Orc (0/2) D:12        Gauntlet (1/1)
 Vaults: D:13-14

Altars:
Ashenzari
Cheibriados
Dithmenos
Elyvilon
Fedhas
Gozag
Hepliaklqana
Kikubaaqudgha
Makhleb
Nemelex Xobeh
Okawaru
Qazlal
Ru
Sif Muna
Trog
Uskayaw
Vehumet
Wu Jian
Xom
Yredelemnul
Zin
The Shining One
Beogh

Shops:
D:8 (   D:10 :

Annotations:
Gauntlet 6 transporters

.[# .8# #### .H#### ###8.#
.8#.8### #..(.# ..#....#
#.#..# .8#..#.#
#.#(.##'##..#.#
#.@..H........#
#.#.##.#.##.#.#
#.#...(#....#.#
###.#.#######.#.###
#≈...............≈# ###
#8.8.8..©.©..8.8§8# # #8#
#≈...............≈# #
###########################
###§............≈∩≈..........


You could see a minotaur.


Message History

You enter the transporter and appear at another place.
Okay, then.
You open the door.
A minotaur comes into view.
It is wielding the +6 flail "Ytyduz" {vorpal, Int+3 SInv}, wearing the cursed +1 plate armour of Voess {rF+ Int+2} and quivering 21 silver javelins.
The minotaur bellows!
The minotaur throws a silver javelin.
The silver javelin closely misses you.
Casting: Searing Ray (safe; 1% risk of failure)
Confirm with . or Enter, or press ? or * to list all spells.
Aiming: Fulminant Prism (dangerous; 2% risk of failure)
Press: ? - help, Dir - move target You conjure a prism of explosive energy!
A fulminant prism comes into view. 😎 MP[-4]
You lost 4 mp, and now have 17/21 mp.
Your fulminant prism crackles loudly.
The blast of energy engulfs the minotaur! 😎 MP[+1]
Casting: Fulminant Prism (dangerous; 2% risk of failure)
Confirm with . or Enter, or press ? or * to list all spells.
You miscast Iskenderun's Mystic Blast.
You are very lightly contaminated with residual magic.
Nothing appears to happen.
The minotaur throws a silver javelin.
The silver javelin barely misses you. 😎 MP[-4]
You lost 4 mp, and now have 14/21 mp.
Casting: Iskenderun's Mystic Blast (dangerous; 2% risk of failure)
Confirm with . or Enter, or press ? or * to list all spells.
Aiming: Searing Ray (safe; 1% risk of failure)
Press: ? - help, Shift-Dir - straight line The searing ray hits the minotaur but does no damage. (Press . to maintain the ray.)
The minotaur throws a silver javelin.
The silver javelin barely misses you. 😎 MP[-1]
You lost 1 mp, and now have 13/21 mp.
The searing ray hits the minotaur!
The minotaur throws a silver javelin.
The silver javelin pierces through you. The silver sears you! 😕 HP[-4] MP[-1]
You take 4 damage, and now have 85/89 hp.
You lost 1 mp, and now have 12/21 mp.
The searing ray hits the minotaur!!
The minotaur throws a silver javelin.
The silver javelin pierces through you!!
The silver sears you! 😮 HP[-23] MP[-4]
You take 23 damage, and now have 62/89 hp.
MASSIVE DAMAGE!! (PAUSE)
You lost 4 mp, and now have 8/21 mp.
The searing ray hits the minotaur!
You finish channeling your searing ray.
The minotaur throws a silver javelin.
The silver javelin barely misses you.
Casting: Searing Ray (safe; 1% risk of failure)
Confirm with . or Enter, or press ? or * to list all spells.
Aiming: Fulminant Prism (dangerous; 2% risk of failure)
Press: ? - help, Dir - move target You conjure a prism of explosive energy!
A fulminant prism comes into view.
The minotaur throws a silver javelin.
The silver javelin pierces through you!!
* * * LOW HITPOINT WARNING * * *
The silver sears you!
* * * LOW HITPOINT WARNING * * *
😨 HP[-30] MP[-6]
You take 30 damage, and now have 32/89 hp.
MASSIVE DAMAGE!! (PAUSE)
You lost 6 mp, and now have 2/21 mp.
You hear a loud crackle. 😨 HP[+1] MP[+1] [a] - 364 gold - haste and brilliance [b] - 378 gold - resistance and invisibility [c] - 432 gold - resistance and invisibility Purchase which effect?
You feel yourself speed up.
You feel clever all of a sudden.
The minotaur throws a silver javelin.
The silver javelin pierces through you!
* * * LOW HITPOINT WARNING * * *
The silver sears you!
* * * LOW HITPOINT WARNING * * *
You hear an explosion!
The blast of energy engulfs the minotaur! 😱 HP[-15] MP[-1]
You take 15 damage, and now have 18/89 hp.
You lost 1 mp, and now have 2/21 mp.
Press: ? - help, v - describe, . - travel
Here: a minotaur, wielding the +6 flail "Ytyduz" {vorpal, Int+3 SInv}, wearing the cursed +1 plate armour of Voess {rF+ Int+2}, wearing an uncursed ring of protection from fire and quivering 13 silver javelins (severely wounded)
The floor. [a] - 500 gold - haste, resistance and heal wounds [b] - 400 gold - haste and resistance [c] - 486 gold - resistance and invisibility Purchase which effect?
You no longer have enough gold to fund merchants seeking to open stores in the dungeon.
You feel protected.
You fade into invisibility!
The minotaur throws a silver javelin.
The silver javelin barely misses you.
You see here 6 silver javelins. 😱 MP[+1]
Press: ? - help, v - describe, . - travel
Here: a minotaur, wielding the +6 flail "Ytyduz" {vorpal, Int+3 SInv}, wearing the cursed +1 plate armour of Voess {rF+ Int+2}, wearing an uncursed ring of protection from fire and quivering 12 silver javelins (severely wounded)
The floor.
The minotaur throws a silver javelin.
The silver javelin pierces through you!!
You die...
Your body crumbles into a pile of gold.

Skill      XL: |  1  2  3  4  5  6  7  8  9 10 11 |
---------------+----------------------------------+-----
Fighting       | 1 2 3 4 5 6 7 |  7.2
Conjurations   | 5 6 7 8 9 |  9.1
Spellcasting   | 3 4 5 6 7 |  7.0
Hexes          | 2 4 6 7 |  7.2
Translocations | 1 3 5 6 7 |  7.2
Poison Magic   | 3 5 |  5.2
Air Magic      | 3 4 |  4.7
Shields        | 2 |  2.1
Dodging        | |  1.7
Stealth        | |  1.7

Action                   |  1- 3 |  4- 6 |  7- 9 | 10-12 || total
-------------------------+-------+-------+-------+-------++-------
Melee: Dagger            |     6 |     6 |       |       ||    12
       Rapier            |       |       |     4 |       ||     4
       Staff             |       |       |     8 |     4 ||    12
       Spear             |       |       |     2 |       ||     2
Throw: Dart              |     3 |     8 |     8 |     1 ||    20
 Cast: Magic Dart        |    59 |    41 |   190 |   112 ||   402
       Searing Ray       |     2 |    11 |    53 |    65 ||   131
       Iskenderun's Myst |       |       |     3 |     6 ||     9
       Fulminant Prism   |       |       |     1 |     4 ||     5
       Mephitic Cloud    |       |       |       |     1 ||     1
Invok: Potion Petition   |       |       |       |     3 ||     3
Evoke: Wand              |       |       |     8 |     2 ||    10
  Use: Potion            |       |     1 |       |     3 ||     4
       Scroll            |       |       |     1 |     8 ||     9
Armor: Robe              |     3 |     2 |    27 |    28 ||    60
       Skin              |       |     1 |       |       ||     1
Dodge: Dodged            |     7 |     6 |    84 |    76 ||   173

Levels and vault maps discovered:
D:1:      tarquinn_simple_flora_water_b, layout_rooms
D:2:      layout_loops_ring, lemuel_doored_altar, minmay_misc_feat_plants,
          elyvilon_altar_3
D:3:      layout_basic, bloody_trog, uniq_natasha
D:4:      layout_gridville, uniq_eustachio, uniq_grinder
D:5:      layout_basic, old_standard_altar, lemuel_zombie_altar_yredelemnul,
          dancing_weapons_uskayaw
D:6:      layout_loops_ring, lemuel_round_altar,
          nicolae_ru_great_annihilating_truth,
          nicolae_gozag_cash_rules_everything_around_me,
          minmay_temple_entry_large_hall, lemuel_old_faithful, uniq_edmund
D:7:      layout_cave_pods, nicolae_overflow_crystal_walls, kennysheep_mini,
          serial_column_ruins, column_ruins_hut_water,
          column_ruins_open_small_water, column_ruins_corridor_corner,
          column_ruins_corridor_dead_end, column_ruins_open_tiny,
          hangedman_decor_lopped
D:8:      layout_basic, nicolae_dithmenos_shadow_blocks,
          erik_lair_orcish_takeover, basic_altar, serial_shops, shop,
          special_room [special_room_orc], chequers_serial_rivers_large_b,
          supply_closet_lemuel
D:9:      layout_stronghold, kennysheep_okawaru_gauntlet, nrook_mini_backslash,
          minmay_misc_feat_alley
D:10:     layout_rooms, serial_shops,
          nicolae_shop_temple_entry_statues_fountains
D:11:     layout_rooms, doesnt_xom_only_xom
D:12:     layout_loops_ring, orc_0_dummy, gauntlet_entry_generic,
          minmay_liquid_box, uniq_erolcha
D:13:     layout_roguey, basic_altar, pond
D:14:     layout_roguey, david_vaults_4, serial_corexii_hall,
          corexii_hall_statues_l, corexii_hall_statues_i,
          corexii_hall_statues_x, chequers_hall_statues_corner_a,
          corexii_hall_statues_l, chequers_hall_statues_wall_a,
          chequers_big_river
Temple:   eino_wide_crystal_templ
Gauntlet: gammafunk_gauntlet_hard_choice [gammafunk_gauntlet_arena_mazey,
          nicolae_gauntlet_swirl, nicolae_gauntlet_arena_x,
          gammafunk_gauntlet_arena_split_diamond,
          nicolae_gauntlet_arena_quarters, gammafunk_gauntlet_arena_split_x,
          nicolae_gauntlet_exit_dead_adventurers]

Notes
Turn   | Place    | Note
-------+----------+-------------------------------------------
     0 | D:1      | phalm the Demonspawn Conjurer began the quest for the Orb.
     0 | D:1      | Reached XP level 1. HP: 13/13 MP: 3/3
     0 | D:1      | magus.rc [v1.9.10]
   245 | D:1      | Gained mutation: You are partially covered in rugged brown
                  | scales. (AC +1, +3% HP) [demonic ancestry]
   245 | D:1      | Reached XP level 2. HP: 14/20 MP: 0/5
   756 | D:2      | Reached skill level 1 in Fighting
   759 | D:2      | Learned a level 2 spell: Searing Ray
   841 | D:2      | Reached XP level 3. HP: 26/26 MP: 0/6
  1179 | D:2      | Found a white marble altar of Elyvilon.
  1455 | D:2      | Found a shimmering altar of Xom.
  1749 | D:3      | Gained mutation: You have sharp toenails. [demonic
                  | ancestry]
  1749 | D:3      | Reached XP level 4. HP: 32/32 MP: 1/7
  1818 | D:3      | Found a bloodstained altar of Trog.
  2063 | D:3      | HP: 4/32 [orc priest/divine providence (11)]
  2065 | D:3      | Reached skill level 5 in Conjurations
  2487 | D:3      | Noticed Natasha
  2496 | D:3      | Killed Natasha
  2497 | D:3      | Reached skill level 2 in Fighting
  2520 | D:3      | Noticed Natasha
  2527 | D:3      | Killed Natasha
  2528 | D:3      | Reached skill level 3 in Spellcasting
  2528 | D:3      | Gained mutation: You are mostly covered in rugged brown
                  | scales. (AC +2, +5% HP) [demonic ancestry]
  2528 | D:3      | Reached XP level 5. HP: 28/39 MP: 1/9
  2540 | D:3      | Noticed Natasha
  2565 | D:3      | Killed Natasha
  3163 | D:4      | Noticed Eustachio
  3169 | D:4      | Killed Eustachio
  3170 | D:4      | Reached skill level 3 in Fighting
  3170 | D:4      | Reached skill level 6 in Conjurations
  3170 | D:4      | Gained mutation: When hurt, damage is shared between your
                  | health and your magic reserves. [demonic ancestry]
  3170 | D:4      | Reached XP level 6. HP: 49/49 MP: 1/11
  3668 | D:4      | Noticed Grinder
  3680 | D:4      | Killed Grinder
  3681 | D:4      | Reached skill level 4 in Spellcasting
  3681 | D:4      | Reached XP level 7. HP: 54/54 MP: 3/13
  4199 | D:5      | Entered Level 5 of the Dungeon
  4199 | D:5      | Found an ancient bone altar of Kikubaaqudgha.
  4218 | D:5      | Reached skill level 7 in Conjurations
  4307 | D:5      | Learned a level 4 spell: Iskenderun's Mystic Blast
  4312 | D:5      | Learned a level 4 spell: Fulminant Prism
  4414 | D:5      | Noticed a +0 dagger
  4415 | D:5      | Found a hide-covered altar of Uskayaw.
  4415 | D:5      | Noticed a +0 hand axe
  4506 | D:5      | You fall into a shaft and drop 2 floors!
  4799 | D:5      | Reached skill level 1 in Hexes
  4799 | D:5      | Reached skill level 1 in Translocations
  4865 | D:5      | Reached skill level 4 in Fighting
  4955 | D:5      | Found a basalt altar of Yredelemnul.
  5511 | D:6      | Reached skill level 2 in Hexes
  5511 | D:6      | Gained mutation: You have razor-sharp toenails. [demonic
                  | ancestry]
  5511 | D:6      | Reached XP level 8. HP: 63/63 MP: 8/14
  5563 | D:6      | Found a staircase to the Ecumenical Temple.
  5573 | Temple   | Entered the Ecumenical Temple
  5708 | D:6      | Noticed Edmund
  5717 | D:6      | Killed Edmund
  5718 | D:6      | Reached skill level 2 in Translocations
  5803 | D:6      | Found a sacrificial altar of Ru.
  5929 | D:6      | Reached skill level 3 in Hexes
  5973 | D:6      | Reached skill level 3 in Translocations
  5985 | D:6      | Found an opulent altar of Gozag.
  5992 | D:6      | Became a worshipper of Gozag Ym Sagoz the Greedy
  6220 | D:6      | Found a glowing silver altar of Zin.
  6594 | D:7      | Found a stormy altar of Qazlal.
  6615 | D:7      | Reached skill level 4 in Hexes
  6797 | D:7      | Reached skill level 5 in Spellcasting
  7116 | D:7      | Found a blossoming altar of Fedhas.
  7545 | D:8      | Reached XP level 9. HP: 68/70 MP: 8/16
  7601 | D:8      | Reached skill level 4 in Translocations
  7617 | D:8      | Reached skill level 5 in Fighting
  7654 | D:8      | Found a shadowy altar of Dithmenos.
  7873 | D:8      | HP: 13/71 [orc warrior/stone (12)]
  8185 | D:8      | Found Azuwied's Antique Weapon Shop.
  8223 | D:8      | Reached skill level 8 in Conjurations
  8224 | D:8      | HP: 15/71 [warg (11)]
  8227 | D:8      | Reached skill level 5 in Hexes
  8598 | D:8      | Found a staircase to the Lair.
  8608 | D:8      | You pick up a book of Changes and begin reading...
  8608 | D:8      | You add the spells Beastly Appendage, Wereblood, Spider
                  | Form, Ice Form and Blade Hands to your library.
  8667 | D:8      | Reached skill level 5 in Translocations
  9221 | D:8      | Found a roughly hewn altar of Beogh.
  9227 | D:8      | Reached skill level 6 in Hexes
  9375 | D:8      | Found a white marble altar of Elyvilon.
  9977 | D:9      | Reached XP level 10. HP: 67/79 MP: 13/18
 10107 | D:9      | You pick up a book of Clouds and begin reading...
 10107 | D:9      | You add the spells Poisonous Vapours, Mephitic Cloud,
                  | Conjure Flame and Freezing Cloud to your library.
 10112 | D:9      | Learned a level 3 spell: Mephitic Cloud
 10165 | D:9      | Found an iron altar of Okawaru.
 10739 | D:9      | Reached skill level 1 in Poison Magic
 10770 | D:9      | Reached skill level 1 in Air Magic
 10811 | D:9      | Reached skill level 6 in Fighting
 11314 | D:10     | Entered Level 10 of the Dungeon
 11340 | D:10     | Got a distressingly furry robe
 11416 | D:10     | Reached skill level 6 in Spellcasting
 11422 | D:10     | Reached skill level 6 in Translocations
 11676 | D:10     | Reached skill level 2 in Poison Magic
 11795 | D:10     | Noticed a two-headed ogre
 11816 | D:10     | Killed a two-headed ogre
 11817 | D:10     | Reached skill level 2 in Air Magic
 12040 | D:10     | Reached skill level 7 in Hexes
 12181 | D:10     | Found Zaixuybu's Book Shop.
 12381 | D:11     | You fall into a shaft and drop 3 floors!
 12394 | D:14     | Reached skill level 3 in Poison Magic
 12570 | D:13     | Found a white marble altar of Elyvilon.
 12668 | D:13     | Reached skill level 3 in Air Magic
 12793 | D:13     | Noticed a manticore
 12799 | D:13     | Killed a manticore
 12800 | D:13     | Gained mutation: You are completely covered in rugged brown
                  | scales. (AC +3, +7% HP) [demonic ancestry]
 12800 | D:13     | Reached XP level 11. HP: 27/88 MP: 4/20
 13154 | D:13     | Noticed a five-headed hydra
 13157 | D:13     | Reached skill level 9 in Conjurations
 13158 | D:13     | Reached skill level 7 in Translocations
 13158 | D:13     | Reached skill level 4 in Poison Magic
 13158 | D:13     | Noticed a five-headed hydra
 13160 | D:13     | Noticed a five-headed hydra
 13359 | D:12     | Noticed a two-headed ogre
 13369 | D:12     | HP: 16/88 [two-headed ogre/+0 giant spiked club (10)]
 13377 | D:12     | Killed a two-headed ogre
 13378 | D:12     | Reached skill level 4 in Air Magic
 13669 | D:12     | Found a staircase to the Orcish Mines.
 13677 | D:12     | Found a gate leading to a gauntlet.
 13677 | D:12     | Noticed a brown ugly thing
 13688 | Gauntlet | Entered a Gauntlet
 13688 | Gauntlet | Found a transporter.
 13688 | Gauntlet | Found a transporter.
 13688 | Gauntlet | Found a transporter.
 13688 | Gauntlet | Noticed a necromancer
 13754 | Gauntlet | Found a transporter.
 13765 | Gauntlet | Found a transporter.
 13769 | Gauntlet | Found a transporter.
 13776 | Gauntlet | Noticed a green death
 13779 | Gauntlet | Found a transporter.
 13799 | Gauntlet | Found a transporter.
 13814 | Gauntlet | Noticed a wretched star
 13818 | Gauntlet | Found a transporter.
 13820 | Gauntlet | Found a transporter.
 13830 | Gauntlet | Found a transporter.
 13834 | Gauntlet | Found a transporter.
 13875 | Gauntlet | Noticed a dire elephant
 13947 | Gauntlet | Identified the +1 robe "Laryfah" {+Fly Will+} (You found it
                  | on level 10 of the Dungeon)
 13990 | Gauntlet | Killed a necromancer
 14034 | Gauntlet | Reached skill level 7 in Fighting
 14034 | Gauntlet | Reached skill level 1 in Shields
 14036 | Gauntlet | Reached skill level 5 in Poison Magic
 14266 | Gauntlet | Got a pair of heavily runed gloves
 14272 | Gauntlet | Identified the cursed +0 pair of gloves of Bikhloli {+Blink
                  | rElec Int+3} (You found it in a Gauntlet)
 14291 | Gauntlet | Killed a green death
 14298 | Gauntlet | Reached skill level 2 in Shields
 14298 | Gauntlet | Reached skill level 7 in Spellcasting
 14571 | Gauntlet | Got a scintillating glass ring
 14573 | Gauntlet | Identified the ring of the Middle {rElec rN+} (You found it
                  | in a Gauntlet)
 14598 | Gauntlet | Identified the +6 flail "Ytyduz" {vorpal, Int+3 SInv}
 14598 | Gauntlet | Identified the cursed +1 plate armour of Voess {rF+ Int+2}
 14598 | Gauntlet | Noticed a minotaur
 14611 | Gauntlet | HP: 21/89 [minotaur/silver javelin (12)]
 14614 | Gauntlet | Hit by a silver javelin thrown by a minotaur

Vanquished Creatures
  A green death (Gauntlet)
  2 two-headed ogres
  A necromancer (Gauntlet)
  A manticore (D:13)
  2 orange demons (Gauntlet)
  A troll (D:10)
  Grinder (D:4)
  A hornet (D:12)
  A tyrant leech (Gauntlet)
  A shadow (D:13)
  6 yaks
  Eustachio (D:4)
  3 vampire mosquitoes (D:13)
  3 wargs (D:8)
  Edmund (D:6)
  2 swamp worms (Gauntlet)
  A swamp drake (D:13)
  7 orc warriors
  4 sky beasts
  2 ice beasts
  2 black bears (D:9)
  5 ogres
  A necrophage (D:14)
  4 wolves (Gauntlet)
  7 centaurs
  2 bullfrogs (D:8)
  A gnoll sergeant (D:7)
  2 scorpions
  13 killer bees
  A wight (D:13)
  4 howler monkeys
  6 hounds
  3 jellies
  5 orc priests
  2 bullfrog skeletons
  3 centaur skeletons
  Natasha (thrice) (D:3)
  9 orc wizards
  10 worker ants
  A hound zombie (D:6)
  A worker ant zombie (D:10)
  A howler monkey zombie (D:7)
  5 gnolls (D:7)
  11 adders
  3 shadow imps
  3 white imps
  An ufetubus (D:9)
  2 adder zombies (D:8)
  An ooze (D:6)
  A worm (D:2)
  2 dart slugs
  47 orcs
  2 giant cockroaches
  2 gnoll zombies (D:5)
  5 goblins
  8 hobgoblins
  9 jackals
  A quokka (D:7)
  2 ball pythons
  10 bats
  A frilled lizard (D:1)
  6 kobolds
  A leopard gecko zombie (D:6)
  5 rats
256 creatures vanquished.

Vanquished Creatures (others)
  5 fulminant prisms
  A plant (D:8)
  2 withered plants (Gauntlet)
8 creatures vanquished.

Grand Total: 264 creatures vanquished

Table legend:
 A = Non-vault XP
 B = Vault XP
 C = Vault XP percentage of total XP
 D = Non-vault monster count
 E = Vault monster count
 F = Vault count percentage of total count
                 A         B        C        D         E       F
            +---------+---------+-------+---------+---------+-------
      Total |   11433 |    6230 |  35.3 |     205 |      51 |  19.9
            +---------+---------+-------+---------+---------+-------
        D:1 |      25 |       0 |   0.0 |      15 |       0 |   0.0
        D:2 |      59 |       0 |   0.0 |      17 |       0 |   0.0
        D:3 |     162 |      36 |  18.2 |      18 |       1 |   5.3
        D:4 |     146 |     477 |  76.6 |      11 |       2 |  15.4
        D:5 |     284 |       3 |   1.0 |       6 |       2 |  25.0
        D:6 |     702 |     204 |  22.5 |      15 |       5 |  25.0
        D:7 |     516 |       0 |   0.0 |      16 |       0 |   0.0
        D:8 |    1362 |    1246 |  47.8 |      34 |      24 |  41.4
        D:9 |    1381 |       4 |   0.3 |      34 |       2 |   5.6
       D:10 |    2301 |       0 |   0.0 |      21 |       0 |   0.0
       D:11 |      36 |       0 |   0.0 |       1 |       0 |   0.0
       D:12 |    1300 |       0 |   0.0 |       3 |       0 |   0.0
       D:13 |    2442 |     673 |  21.6 |      10 |       4 |  28.6
       D:14 |     717 |       0 |   0.0 |       4 |       0 |   0.0
   Gauntlet |       0 |    3587 | 100.0 |       0 |      11 | 100.0
            +---------+---------+-------+---------+---------+-------

Illustrated notes

Table legend:
 A = Kills in this place as a percentage of kills in entire the game.
 B = Kills by you in this place as a percentage of kills by you in the entire game.
 C = Kills by friends in this place as a percentage of kills by friends in the entire game.
 D = Other kills in this place as a percentage of other kills in the entire game.
 E = Experience gained in this place as a percentage of experience gained in the entire game.
 F = Experience gained in this place divided by the number of levels of this place that you have seen.
                   A       B       C       D       E      F
               +-------+-------+-------+-------+-------+----------------------
         Total | 100.0 | 100.0 |   N/A |   N/A | 100.0 | 1103.9
       Dungeon |  95.7 |  95.7 |   N/A |   N/A |  79.7 | 1005.4
      Gauntlet |   4.3 |   4.3 |   N/A |   N/A |  20.3 | 3587.0
               +-------+-------+-------+-------+-------+----------------------

Table legend: (Time is in decaauts)
 A = Elapsed time spent in this place.
 B = Non-inter-level travel time spent in this place.
 C = Inter-level travel time spent in this place.
 D = Time resting spent in this place.
 E = Time spent auto-exploring this place.
 F = Levels seen in this place.
 G = Mean time per level.
                   A        B        C        D        E       F      G
               +--------+--------+--------+--------+--------+-----+--------+
         Total |  14620 |  14180 |    440 |    413 |  11801 |  16 |  913.8 |
       Dungeon |  13641 |  13218 |    423 |    406 |  11012 |  14 |  974.4 |
        Temple |     68 |     52 |     16 |      0 |     52 |   1 |   68.0 |
      Gauntlet |    909 |    909 |      0 |      7 |    737 |   1 |  909.0 |
               +--------+--------+--------+--------+--------+-----+--------+

Top non-repeatable levels by time:
     D:8: 2115 daAuts
     D:9: 1691 daAuts
     D:3: 1325 daAuts
     D:6: 1226 daAuts
     D:4: 1145 daAuts
     D:7: 1089 daAuts
     D:2: 1010 daAuts
     D:5: 1001 daAuts
    D:10: 980 daAuts
Gauntlet: 909 daAuts
    D:13: 776 daAuts
     D:1: 715 daAuts
    D:12: 340 daAuts
    D:14: 187 daAuts
  Temple: 68 daAuts
